 Dungeon Crawl Stone Soup version 0.25-a0-571-gb5e01bd (webtiles) character file.

Game seed: 8212486882167730743, levelgen mode: deterministic

7186 Firecrotchwizard the Destroyer (level 10, -3/83 HPs)
             Began as a Grey Draconian Fire Elementalist on Mar 1, 2020.
             Was a Believer of Vehumet.
             Slain by Snorg (21 damage)
             ... on level 10 of the Dungeon.
             The game lasted 00:28:03 (13964 turns).

Firecrotchwizard the Destroyer (DrFE)              Turns: 13964, Time: 00:28:04

Health: -3/83      AC: 17    Str: 10    XL:     10   Next: 87%
Magic:  15/21      EV: 14    Int: 19    God:    Vehumet [**....]
Gold:   263        SH:  0    Dex: 12    Spells: 8/24 levels left

rFire    . . .     SeeInvis .   m - +4 dagger (venom)
rCold    . . .     Gourm    .   (no shield)
rNeg     + . .     Faith    .   (armour unavailable)
rPois    .         Spirit   .   (helmet restricted)
rElec    .         Reflect  .   q - +2 cloak
rCorr    .         Harm     .   E - +1 pair of gloves
MR       +....                  (no boots)
Stlth    ++........             (no amulet)
HPRegen  0.23/turn              g - ring of protection from magic {MR+, !d}
MPRegen  0.17/turn              H - ring of positive energy {rN+}

@: no status effects
A: walk through water, unfitting armour, unbreathing, cold-blooded, AC +12
a: Renounce Religion


You were on level 10 of the Dungeon.
You worshipped Vehumet.
Vehumet was pleased with you.
You were not hungry.

You visited 2 branches of the dungeon, and saw 11 of its levels.

You collected 434 gold pieces.
You spent 171 gold pieces at shops.

Inventory:

Hand Weapons
 c - a +0 club
   (You took it off a kobold on level 1 of the Dungeon)
 l - a +0 trident
   (You took it off an orc on level 3 of the Dungeon)
 m - a +4 dagger of venom (weapon)
   (You took it off an orc on level 7 of the Dungeon)
 o - a +0 spear
   (You took it off a gnoll on level 2 of the Dungeon)
 p - a +4 short sword
   (You took it off a kobold on level 2 of the Dungeon)
 G - a +1 dagger of electrocution
   (You took it off a big kobold on level 8 of the Dungeon)
Missiles
 y - 4 throwing nets {=f, !d}
Armour
 q - a +2 cloak (worn)
   (You found it on level 2 of the Dungeon)
 E - a +1 pair of gloves (worn)
   (You bought it in a shop on level 9 of the Dungeon)
Magical Staves
 C - an uncursed staff of summoning {!a}
   (You found it on level 9 of the Dungeon)
Jewellery
 g - a ring of protection from magic (left hand) {MR+, !d}
   (You found it on level 6 of the Dungeon)
 H - a ring of positive energy (right hand) {rN+}
   (You found it on level 8 of the Dungeon)
Wands
 f - a wand of iceblast (16)
   (You found it on level 8 of the Dungeon)
 k - a wand of clouds (12)
   (You found it on level 4 of the Dungeon)
 x - a wand of flame (23)
   (You took it off Duvessa on level 7 of the Dungeon)
 A - a wand of random effects (29)
   (You found it on level 7 of the Dungeon)
 F - a wand of digging (4)
   (You found it on level 10 of the Dungeon)
Scrolls
 d - 5 scrolls of remove curse
 n - 3 scrolls of teleportation
 r - 2 scrolls of random uselessness
Potions
 a - 6 potions of degeneration {unknown}
 e - 4 potions of curing
 h - 2 potions of lignification {unknown}
 i - 2 potions of flight
 j - a potion of mutation {!q}
 s - 3 potions of brilliance {unknown}
 t - 2 potions of heal wounds {unknown}
 u - a potion of ambrosia {unknown}
 v - a potion of might
 w - a potion of stabbing {unknown}
 z - a potion of cancellation {unknown}
Miscellaneous
 B - a tin of tremorstones
Comestibles
 b - 17 rations
 D - a chunk of flesh {@w0}


   Skills:
 + Level 5.9 Fighting
 + Level 5.3 Dodging
 - Level 1.7 Stealth
 - Level 7.9 Spellcasting
 - Level 9.0 Conjurations
 - Level 9.0 Fire Magic


You had 8 spell levels left.
You knew the following spells:

 Your Spells              Type           Power        Failure   Level  Hunger
a - Foxfire               Conj/Fire      ####         1%          1    None
b - Shock                 Conj/Air       ###.         1%          1    None
c - Conjure Flame         Conj/Fire      #####...     1%          3    None
d - Searing Ray           Conj           #####.       1%          2    None
f - Fireball              Conj/Fire      #####.....   6%          5    #####..
s - Sticky Flame          Conj/Fire      #####...     2%          4    ###....

Your spell library contained the following spells:

 Spells                   Type           Power        Failure   Level  Hunger
 Static Discharge         Conj/Air       ###.....     4%          3    None
 Inner Flame              Hex/Fire       ###.....     4%          3    None
 Summon Butterflies       Summ           #.......     10%         1    None
 Call Canine Familiar     Summ           #.......     28%         3    None
 Confusing Touch          Hex            #.......     28%         3    None
 Gell's Gravitas          Tloc           #.........   28%         3    None
 Petrify                  Tmut/Erth      #.......     67%         4    ###....
 Summon Ice Beast         Ice/Summ       #.......     67%         4    ###....
 Metabolic Englaciation   Hex/Ice        #.........   95%         5    #####..
 Summon Mana Viper        Hex/Summ       #.......     95%         5    #####..
 Yara's Violent Unravell  Hex/Tmut       #.........   95%         5    #####..
 Summon Hydra             Summ           #.........   100%        7    #######


Dungeon Overview and Level Annotations

Branches:
Dungeon (10/15)            Temple (1/1) D:5
   Lair: D:8-11         Orc: D:9-12

Altars:
Ashenzari
Cheibriados
Dithmenos
Elyvilon
Fedhas
Gozag
Hepliaklqana
Kikubaaqudgha
Makhleb
Nemelex Xobeh
Okawaru
Qazlal
Ru
Sif Muna
Trog
Uskayaw
Vehumet
Wu Jian
Xom
Yredelemnul
Zin
The Shining One

Shops:
D:8 [   D:9 [

Annotations:
D:4 exclusion: oklob plant
D:6 Prince Ribbit
D:10 Snorg


Innate Abilities, Weirdness & Mutations

You can walk through water.
Your dull iron-grey scales are very hard. (AC +12)
You cannot fit into any form of body armour.
You can survive without breathing.
You are cold-blooded and may be slowed by cold attacks.


Message History

Vehumet offers you knowledge of Static Discharge.
The killer bee stings you but does no damage.
A killer bee comes into view.
The killer bee buzzes angrily.
You hit the killer bee.
The killer bee is poisoned.
The killer bee completely misses you. The killer bee stings you.
You are poisoned.
The killer bee poisons you!
You take 6 damage, and have 71/83 hp.
Aim: a killer bee (almost dead, very poisoned)
Okay, then.
You miss the killer bee.
You feel sick.
You kill the killer bee!
Vehumet accepts your kill.
The killer bee stings you but does no damage.
You take 1 damage, and have 70/83 hp.
You miss the killer bee.
You feel sick. The killer bee barely misses you. x2
You take 1 damage, and have 69/83 hp.
You miss the killer bee.
You feel sick. The killer bee closely misses you.
The killer bee stings you but does no damage.
You closely miss the killer bee.
The killer bee stings you but does no damage. x2
You hit the killer bee.
The killer bee is poisoned.
You feel sick. The killer bee closely misses you.
The killer bee barely misses you.
You take 1 damage, and have 68/83 hp.
Aim: a killer bee (severely wounded, very poisoned)
Okay, then.
You hit the killer bee.
The killer bee looks as sick as possible!
You kill the killer bee!
Vehumet accepts your kill.
No target in view!
No target in view!
You start resting.
You feel sick. x7
You are no longer poisoned.
You take 2 damage, and have 66/83 hp.
You start resting.
Eating one of 6 chunks of flesh {@w0}.
You eat one of the 6 chunks of flesh {@w0}.
Health restored: 83
Things that are here:
a killer bee corpse x3
Things that are here:
a killer bee corpse x3
You open the door.
There is an open door here.
t - 2 fuming clear potions (gained 1)
There is an open door here.
You open the door.
There is an open door here.
As you open the door, it creaks loudly!
You hear an angry hiss.
There is an open door here.
An adder comes into view.
The adder hisses angrily.
The adder barely misses you.
You hit the adder.
The adder is poisoned.
The adder barely misses you. The adder closely misses you.
You closely miss the adder.
Your tail-slap misses the adder.
The adder bites you but does no damage.
You hit the adder. The adder misses you.
You hit the adder.
The adder looks as sick as possible!
You kill the adder!
Vehumet accepts your kill.
No target in view!
You butcher the adder corpse.
D - 6 chunks of flesh {@w0} (gained 1)
You see here an adder skeleton. x2
F - a wand of digging (4) As you open the door, it creaks loudly!
There is an open door here.
Some of the chunks of flesh in your inventory have rotted away.
Snorg the Insatiable comes into view.
Snorg shouts!
You conjure some foxfire!
Snorg goes berserk!
You now have 20/21 mp.
You conjure some foxfire!
The foxfire hits Snorg!
You now have 19/21 mp.
You conjure some foxfire!
The foxfire hits Snorg. x2; Snorg bites you!!
Snorg claws you. Snorg claws you but does no damage.
You take 29 damage, and have 54/83 hp.
MASSIVE DAMAGE!!
You now have 18/21 mp.
Aim: Snorg (lightly wounded, berserk, fast, unusually strong)
The sticky flame hits Snorg.
Snorg is covered in liquid flames!
Snorg burns!
The foxfire hits Snorg. x2; Snorg barely misses you.
Snorg completely misses you. Snorg claws you.
You take 4 damage, and have 50/83 hp.
You now have 14/21 mp.
You hit Snorg.
Snorg is poisoned.
Snorg burns!
The foxfire hits Snorg.
Snorg bites you but does no damage. Snorg closely misses you. Snorg claws you!
Snorg bites you but does no damage. Snorg closely misses you. x2
You take 9 damage, and have 41/83 hp.
You hit Snorg.
Snorg looks as sick as possible!
Snorg burns!
Snorg bites you but does no damage. Snorg claws you! Snorg misses you.
You take 11 damage, and have 30/83 hp.
You hit Snorg.
Snorg looks as sick as possible!
You tail-slap Snorg.
Snorg burns!
Snorg misses you. Snorg claws you!
* * * LOW HITPOINT WARNING * * *
Snorg claws you!!
You die...

##'#####.#.)....#
#......#.#......#..#
#......#.#......#.[#
'......#.#......#..####
########.#......#.....#
รท........#......#.....
.........'......#...#
.........########T..#
................@...#
############........# #
#........# # #........#
#........# #........#
#.......... #..........
.........


You could see Snorg (berserk).

Vanquished Creatures
  Harold (D:7)
  A two-headed ogre (D:8)
  Psyche (D:8)
  Maggie (D:7)
  A soldier ant (D:8)
  Duvessa (D:7)
  3 orc warriors (D:7)
  4 sky beasts
  An ice beast (D:7)
  4 black bears
  A necrophage (D:8)
  6 ogres
  3 phantoms
  9 centaurs
  A big kobold (D:8)
  3 bullfrogs
  Dowan (D:7)
  A scorpion (D:7)
  A wyvern skeleton (D:7)
  9 killer bees
  A wight (D:8)
  3 howler monkeys (D:8)
  A bullfrog zombie (D:8)
  2 crimson imps
  3 jellies
  6 orc priests
  8 hounds
  A quasit (D:8)
  A bullfrog skeleton (D:8)
  7 orc wizards
  2 iguanas (D:4)
  8 worker ants
  A worker ant zombie (D:6)
  Robin (D:3)
  6 gnolls
  12 adders
  5 shadow imps
  An adder skeleton (D:4)
  5 worms
  6 leopard geckos
  41 orcs
  6 bats
  3 giant cockroaches
  22 goblins
  5 hobgoblins
  10 jackals
  11 kobolds
  4 quokkas
  5 ball pythons
  A ball python skeleton (D:4)
  3 frilled lizards
  A jackal skeleton (D:4)
  A rat (D:1)
  2 butterflies (D:5)
248 creatures vanquished.

Vanquished Creatures (others)
  Ijyb (D:4)
  422 foxfires
  13 toadstools (D:4)
436 creatures vanquished.

Grand Total: 684 creatures vanquished

Notes
Turn   | Place    | Note
-------+----------+-------------------------------------------
     0 | D:1      | Firecrotchwizard the Draconian Fire Elementalist began the
                  | quest for the Orb.
     0 | D:1      | Reached XP level 1. HP: 14/14 MP: 3/3
   469 | D:1      | Reached XP level 2. HP: 11/20 MP: 1/5
  1032 | D:1      | HP: 5/20 [jackal (1)]
  1512 | D:1      | Reached skill level 2 in Conjurations
  1717 | D:2      | Reached XP level 3. HP: 26/26 MP: 3/6
  1748 | D:2      | Learned a level 3 spell: Conjure Flame
  2478 | D:2      | Reached XP level 4. HP: 27/33 MP: 0/7
  2653 | D:2      | Reached skill level 3 in Conjurations
  2815 | D:2      | Found a shimmering altar of Xom.
  2825 | D:2      | Found a hide-covered altar of Uskayaw.
  2828 | D:2      | Found a blossoming altar of Fedhas.
  3312 | D:3      | Reached XP level 5. HP: 21/38 MP: 6/9
  3733 | D:3      | Noticed Robin
  3784 | D:3      | Reached skill level 3 in Spellcasting
  3793 | D:3      | Killed Robin
  4134 | D:3      | Reached skill level 4 in Fire Magic
  4169 | D:3      | Reached skill level 4 in Conjurations
  4326 | D:3      | Reached XP level 6. HP: 45/45 MP: 8/10
  4332 | D:3      | Learned a level 4 spell: Sticky Flame
  4351 | D:3      | Found a shattered altar of Ashenzari.
  4627 | D:4      | Noticed Ijyb
  4639 | D:4      | Killed Ijyb
  4921 | D:4      | You fall into a shaft and drop 3 floors!
  4922 | D:7      | Noticed an ice beast
  5004 | D:7      | Killed an ice beast
  5227 | D:6      | Found a burning altar of Makhleb.
  5235 | D:6      | Reached skill level 4 in Spellcasting
  5235 | D:6      | Reached skill level 5 in Conjurations
  5235 | D:6      | Your scales start taking on a dull iron-grey colour.
  5235 | D:6      | Reached XP level 7. HP: 45/50 MP: 9/13
  5235 | D:6      | Gained mutation: You can survive without breathing. [Grey
                  | Draconian growth]
  5257 | D:5      | Entered Level 5 of the Dungeon
  5270 | D:5      | Reached skill level 5 in Fire Magic
  5445 | D:4      | Found a shadowy altar of Dithmenos.
  5895 | D:4      | Found a blossoming altar of Fedhas.
  5906 | D:4      | Noticed an oklob plant
  6294 | D:5      | Found a staircase to the Ecumenical Temple.
  6373 | Temple   | Entered the Ecumenical Temple
  7183 | D:5      | Reached skill level 5 in Spellcasting
  7183 | D:5      | Reached XP level 8. HP: 39/57 MP: 9/15
  7187 | D:5      | Reached skill level 6 in Conjurations
  7187 | D:5      | Reached skill level 6 in Fire Magic
  7340 | D:5      | Learned a level 5 spell: Fireball
  7552 | D:6      | Found a snail-covered altar of Cheibriados.
  7747 | D:6      | Found a radiant altar of Vehumet.
  7869 | D:6      | Became a worshipper of Vehumet
  8284 | D:6      | Reached skill level 6 in Spellcasting
  8450 | D:6      | Noticed Prince Ribbit
  8570 | D:7      | Noticed Duvessa
  8575 | D:7      | Reached skill level 7 in Conjurations
  8575 | D:7      | Reached skill level 7 in Fire Magic
  8584 | D:7      | Killed Duvessa
  8591 | D:7      | Noticed Dowan
  8611 | D:7      | Killed Dowan
  8707 | D:7      | Reached XP level 9. HP: 56/62 MP: 18/18
  8709 | D:7      | Found a hazy altar of Hepliaklqana.
  9080 | D:7      | Noticed Harold
  9483 | D:7      | Noticed Maggie
  9498 | D:7      | Killed Maggie
  9725 | D:7      | Reached skill level 7 in Spellcasting
  9758 | D:7      | Reached skill level 8 in Conjurations
  9758 | D:7      | Reached skill level 8 in Fire Magic
  9765 | D:7      | Reached * piety under Vehumet
  9765 | D:7      | Offered knowledge of Shock by Vehumet.
  9767 | D:7      | HP: 6/62 [shadow imp/nerve-wracking pain (10)]
 10007 | D:7      | Learned a level 1 spell: Shock
 10369 | D:7      | HP: 11/62 [orc/+0 dagger (7)]
 10711 | D:7      | HP: 10/62 [Harold/+0 morningstar (8)]
 10716 | D:7      | Killed Harold
 10716 | D:7      | Reached XP level 10. HP: 12/69 MP: 18/21
 11215 | D:8      | Found Joiplui's Armour Emporium.
 11225 | D:8      | Reached skill level 9 in Conjurations
 11264 | D:8      | Reached skill level 9 in Fire Magic
 11274 | D:8      | Noticed Psyche
 11283 | D:8      | Killed Psyche
 11283 | D:8      | Reached skill level 1 in Fighting
 11283 | D:8      | Reached skill level 2 in Dodging
 11473 | D:8      | Reached skill level 2 in Fighting
 11504 | D:8      | Noticed a two-headed ogre
 11511 | D:8      | HP: 12/74 [two-headed ogre/+0 giant spiked club (25)]
 11511 | D:8      | HP: 1/74 [two-headed ogre/+0 giant spiked club (11)]
 11515 | D:8      | Killed a two-headed ogre
 11515 | D:8      | Reached ** piety under Vehumet
 11515 | D:8      | Offered knowledge of Searing Ray by Vehumet.
 11515 | D:8      | Reached skill level 3 in Fighting
 11515 | D:8      | Reached skill level 3 in Dodging
 11735 | D:7      | Learned a level 2 spell: Searing Ray
 11942 | D:8      | Reached skill level 4 in Fighting
 11971 | D:8      | Reached skill level 4 in Dodging
 12326 | D:8      | Found a shimmering blue altar of Sif Muna.
 13020 | D:9      | Reached skill level 5 in Fighting
 13172 | D:9      | Found Bias's Antique Armour Shop.
 13180 | D:9      | Bought a pair of gloves for 171 gold pieces
 13347 | D:9      | Found a sparkling altar of Nemelex Xobeh.
 13400 | D:9      | Reached skill level 5 in Dodging
 13505 | D:10     | Entered Level 10 of the Dungeon
 13761 | D:10     | Offered knowledge of Static Discharge by Vehumet.
 13957 | D:10     | Noticed Snorg
 13964 | D:10     | HP: 18/83 [Snorg (12)]
 13964 | D:10     | Slain by Snorg

Levels and vault maps discovered:
D:1:      enne_arrival_octagon_isle, layout_loops_ring
D:2:      layout_loops_corners, minmay_overflow_temple_star_quad,
          solitary_fountain, minmay_bisected
D:3:      layout_loops_ring, ashenzari_altar_1, uniq_robin
D:4:      layout_loops_cross, nicolae_dithmenos_the_darkroom, tgw_fedhas,
          uniq_ijyb
D:5:      layout_basic, minmay_temple_entry_butterflies, serial_corexii_hall,
          corexii_hall_statues_s, corexii_hall_statues_u, first_ration
D:6:      layout_gridville, lemuel_crystal_altar, old_standard_altar,
          lemuel_crystal_altar, corner_web_ring, uniq_prince_ribbit1
D:7:      minmay_clustersquares, layout_loops_ring,
          nicolae_overflow_crystal_walls, grunt_ogre_cave,
          minmay_misc_feat_four_crosses, chequers_serial_rivers_marsh,
          uniq_harold, uniq_maggie, uniq_duvessa
D:8:      minmay_distorted_concentric_squares, layout_loops_ring,
          lemuel_crystal_altar, serial_shops, shop, kennysheep_nub, uniq_psyche
D:9:      layout_cross, marbit_many_paths, serial_shops, nicolae_shop_trees,
          minmay_misc_feat_diagonals, nicolae_underground_beach
D:10:     layout_irregular_city, erik_orc_4, uniq_snorg
Temple:   minmay_temple_bridge_abc

Skill      XL: |  1  2  3  4  5  6  7  8  9 10 |
---------------+-------------------------------+-----
Conjurations   | 2 3 4 5 7 8 9 |  9.0
Spellcasting   | 3 4 5 6 7 |  7.9
Fire Magic     | 4 5 7 8 9 |  9.0
Fighting       | 5 |  5.9
Dodging        | 5 |  5.3
Stealth        | |  1.7

Action                   |  1- 3 |  4- 6 |  7- 9 | 10-12 || total
-------------------------+-------+-------+-------+-------++-------
Melee: Club              |    77 |       |       |       ||    77
       Tailslap          |     7 |     6 |    53 |    26 ||    92
       Unarmed           |     1 |       |       |       ||     1
       Short sword       |       |    25 |       |       ||    25
       Trident           |       |   110 |       |       ||   110
       Spear             |       |     9 |       |       ||     9
       Dagger            |       |     7 |   352 |   236 ||   595
 Cast: Foxfire           |    58 |    70 |    82 |    63 ||   273
       Conjure Flame     |     1 |       |     1 |       ||     2
       Sticky Flame      |       |     1 |    23 |    17 ||    41
Evoke: Wand              |       |       |       |     1 ||     1
  Use: Scroll            |       |    10 |     4 |     7 ||    21
 Stab: Sleeping          |     2 |     7 |     1 |     3 ||    13
       Confused          |       |     1 |       |       ||     1
  Eat: Chunk             |     6 |     9 |    14 |     9 ||    38
       Ration            |       |       |     2 |     1 ||     3
Armor: Skin              |    45 |    49 |   163 |   163 ||   420
Dodge: Dodged            |    94 |   105 |   242 |   218 ||   659

Table legend:
 A = Non-vault XP
 B = Vault XP
 C = Vault XP percentage of total XP
 D = Non-vault monster count
 E = Vault monster count
 F = Vault count percentage of total count
                 A         B        C        D         E       F
            +---------+---------+-------+---------+---------+-------
      Total |    7155 |    3111 |  30.3 |     211 |      36 |  14.6
            +---------+---------+-------+---------+---------+-------
        D:1 |      27 |       0 |   0.0 |      16 |       0 |   0.0
        D:2 |     110 |      16 |  12.7 |      22 |       2 |   8.3
        D:3 |     250 |      36 |  12.6 |      32 |      12 |  27.3
        D:4 |     325 |      36 |  10.0 |      14 |       1 |   6.7
        D:5 |     548 |       0 |   0.0 |      19 |       0 |   0.0
        D:6 |     940 |       0 |   0.0 |      23 |       0 |   0.0
        D:7 |    1528 |    2235 |  59.4 |      35 |      13 |  27.1
        D:8 |    2248 |     774 |  25.6 |      25 |       7 |  21.9
        D:9 |     538 |      14 |   2.5 |      14 |       1 |   6.7
       D:10 |     641 |       0 |   0.0 |      11 |       0 |   0.0
            +---------+---------+-------+---------+---------+-------

Levels and vault maps discovered:
D:1:      enne_arrival_octagon_isle, layout_loops_ring
D:2:      layout_loops_corners, minmay_overflow_temple_star_quad,
          solitary_fountain, minmay_bisected
D:3:      layout_loops_ring, ashenzari_altar_1, uniq_robin
D:4:      layout_loops_cross, nicolae_dithmenos_the_darkroom, tgw_fedhas,
          uniq_ijyb
D:5:      layout_basic, minmay_temple_entry_butterflies, serial_corexii_hall,
          corexii_hall_statues_s, corexii_hall_statues_u, first_ration
D:6:      layout_gridville, lemuel_crystal_altar, old_standard_altar,
          lemuel_crystal_altar, corner_web_ring, uniq_prince_ribbit1
D:7:      minmay_clustersquares, layout_loops_ring,
          nicolae_overflow_crystal_walls, grunt_ogre_cave,
          minmay_misc_feat_four_crosses, chequers_serial_rivers_marsh,
          uniq_harold, uniq_maggie, uniq_duvessa
D:8:      minmay_distorted_concentric_squares, layout_loops_ring,
          lemuel_crystal_altar, serial_shops, shop, kennysheep_nub, uniq_psyche
D:9:      layout_cross, marbit_many_paths, serial_shops, nicolae_shop_trees,
          minmay_misc_feat_diagonals, nicolae_underground_beach
D:10:     layout_irregular_city, erik_orc_4, uniq_snorg
Temple:   minmay_temple_bridge_abc

Table legend:
 A = Turns spent in this place as a percentage of turns spent in the entire game.
 B = Non-inter-level travel turns spent in this place as a percentage of non-inter-level travel turns spent in the entire game.
 C = Inter-level travel turns spent in this place as a percentage of turns spent in this place.
 D = Turns resting spent in this place as a percentage of non-inter-level travel turns spent in this place.
 E = Turns spent auto-exploring this place as a percentage of non-inter-level travel turns spent in this place.
 F = Non-inter-level travel turns spent in this place divided by the number of levels of this place that you've seen.
                   A       B       C       D       E      F
               +-------+-------+-------+-------+-------+----------------------
         Total | 100.0 | 100.0 |   2.1 |  42.3 |  40.2 | 1242.7
       Dungeon |  98.1 |  98.1 |   2.1 |  42.4 |  39.8 | 1341.7
        Temple |   1.9 |   1.9 |   4.2 |  39.9 |  59.7 | 253.0
               +-------+-------+-------+-------+-------+----------------------

Table legend:
 A = Kills in this place as a percentage of kills in entire the game.
 B = Kills by you in this place as a percentage of kills by you in the entire game.
 C = Kills by friends in this place as a percentage of kills by friends in the entire game.
 D = Other kills in this place as a percentage of other kills in the entire game.
 E = Experience gained in this place as a percentage of experience gained in the entire game.
 F = Experience gained in this place divided by the number of levels of this place that you have seen.
                   A       B       C       D       E      F
               +-------+-------+-------+-------+-------+----------------------
         Total | 100.0 | 100.0 |   N/A | 100.0 | 100.0 | 933.3
       Dungeon | 100.0 | 100.0 |   N/A | 100.0 | 100.0 | 1026.6
               +-------+-------+-------+-------+-------+----------------------
